 Dungeon Crawl Stone Soup version 0.21-a0-625-g1119ec1 (webtiles) character file.

18 tidbits the Caller (level 2, 0/20 HPs)
             Began as a Gnoll Summoner on Dec 24, 2017.
             Slain by an adder (3 damage)
             ... on level 2 of the Dungeon.
             The game lasted 00:02:28 (343 turns).

tidbits the Caller (Gnoll Summoner)                  Turns: 343, Time: 00:02:29

Health: 0/20       AC:  2    Str: 10    XL:     2   Next: 70%
Magic:  2/7        EV: 14    Int: 17    God:
Gold:   32         SH:  0    Dex: 15    Spells: 7/10 levels left

rFire    . . .     SeeInvis .   i - +0 short sword
rCold    . . .     Gourm    .   (no shield)
rNeg     . . .     Faith    .   n - +0 robe
rPois    .         Spirit   .   (no helmet)
rElec    .         Reflect  .   (no cloak)
rCorr    .         Harm     .   (no gloves)
MR       .....                  (no boots)
Stlth    +++.......             (no amulet)
HPRegen  0.06/turn              (no ring)
MPRegen  0.10/turn              (no ring)

@: no status effects
A: distributed training, fangs 1, strong nose
a: no special abilities


You were on level 2 of the Dungeon.
You were not hungry.

You visited 1 branch of the dungeon, and saw 2 of its levels.

You collected 32 gold pieces.

Inventory:

Hand Weapons
 i - a +0 short sword (weapon)
Missiles
 e - 46 arrows
Armour
 k - a +0 ring mail
 n - a +0 robe (worn)
Scrolls
 a - a scroll of fog {unknown}
 f - a scroll of remove curse {unknown}
 h - a scroll of identify {unknown}
 l - a scroll of teleportation {unknown}
Potions
 d - a potion of flight {unknown}
 g - a potion of might {unknown}
 j - a potion of heal wounds {unknown}
Books
 b - a book of Callings

   Spells                             Type                      Level
   a - Summon Small Mammal            Summoning                    1
   b - Call Imp                       Summoning                    2
   c - Call Canine Familiar           Summoning                    3
   d - Summon Guardian Golem          Hexes/Summoning              3
   e - Summon Lightning Spire         Summoning/Air                4
   f - Summon Ice Beast               Ice/Summoning                4
Comestibles
 c - 2 rations


   Skills:
 + Level 0.5 Fighting
 + Level 0.5 Short Blades
 + Level 0.5 Long Blades
 + Level 0.5 Axes
 + Level 0.5 Maces & Flails
 + Level 0.5 Polearms
 + Level 0.5 Staves
 + Level 0.5 Slings
 + Level 0.5 Bows
 + Level 0.5 Crossbows
 + Level 0.5 Throwing
 + Level 0.5 Armour
 + Level 4.5 Dodging
 + Level 4.1 Stealth
 + Level 0.5 Shields
 + Level 0.5 Unarmed Combat
 + Level 4.9 Spellcasting
 + Level 0.3 Conjurations
 + Level 0.3 Hexes
 + Level 0.3 Charms
 + Level 7.0 Summonings
 + Level 0.3 Necromancy
 + Level 0.3 Translocations
 + Level 0.3 Transmutations
 + Level 0.3 Fire Magic
 + Level 0.3 Ice Magic
 + Level 0.3 Air Magic
 + Level 0.3 Earth Magic
 + Level 0.3 Poison Magic
 + Level 0.6 Invocations
 + Level 0.5 Evocations


You had 7 spell levels left.
You knew the following spells:

 Your Spells              Type           Power        Failure   Level  Hunger
a - Summon Small Mammal   Summ           ####         1%          1    None
i - Call Imp              Summ           ####....     1%          2    #......


Dungeon Overview and Level Annotations

Branches:
Dungeon (2/15)

Altars:


Innate Abilities, Weirdness & Mutations

Your experience applies equally to all skills.
You have very sharp teeth.
Your uncanny sense of smell can sniff out nearby items.


Message History

You open the door.
Your bat disappears in a puff of smoke!
There is an open door here.
Your crimson imp blinks!
Your rat disappears in a puff of smoke!
Found a scroll labeled AJEMAN AHOFAUT.
Your bat disappears in a puff of smoke!
You see here a scroll labeled AJEMAN AHOFAUT.
l - a scroll labeled AJEMAN AHOFAUT
Found a scale mail and 25 stones.
You see here a scale mail.
You see here 25 stones.
There is a stone staircase leading down here.
You climb downwards.
Found 12 arrows and 18 sling bullets.
There is a stone staircase leading up here.
An adder comes into view.
The adder hisses angrily.
You see here 12 arrows.
e - 46 arrows (gained 12)
Casting: Summon Small Mammal
Confirm with . or Enter, or press ? or * to list all spells.
The adder closely misses you.
You swap places.
The adder closely misses your quokka.
Your quokka barely misses the adder.
The adder closely misses your quokka.
Casting: Summon Small Mammal
Confirm with . or Enter, or press ? or * to list all spells.
Your quokka barely misses the adder.
The adder barely misses your quokka. The adder closely misses your quokka.
Your quokka bites the adder.
Casting: Summon Small Mammal
Confirm with . or Enter, or press ? or * to list all spells.
The adder completely misses your quokka.
Your quokka misses the adder. The adder closely misses your quokka.
Your quokka misses the adder. The adder bites your quokka.
Your quokka barely misses the adder.
Casting: Summon Small Mammal
Confirm with . or Enter, or press ? or * to list all spells.
The adder closely misses your quokka.
Your quokka barely misses the adder.
The adder bites your quokka.
Your quokka is poisoned.
The adder poisons your quokka!
Your quokka completely misses the adder.
You swap places.
The adder bites your quokka but does no damage.
Your quokka barely misses the adder.
The adder bites your quokka.
A rat comes into view.
You swap places.
Your quokka dies!
Your quokka's corpse disappears in a puff of smoke!
Your bat completely misses the adder.
The adder completely misses your bat.
There is a stone staircase leading up here.
Your bat completely misses the adder.
The adder closely misses your bat. The rat bites you.
* * * LOW HITPOINT WARNING * * *
You hit the rat.
The rat is severely wounded.
Your bat hits the rat but does no damage.
The rat barely misses you.
You hit the rat.
You kill the rat!
A ball python and a hobgoblin come into view.
You see here a rat corpse.
Casting: Summon Small Mammal
Confirm with . or Enter, or press ? or * to list all spells.
The adder closely misses your bat. The adder bites your bat.
Your bat dies!
Your bat's corpse disappears in a puff of smoke!
The hobgoblin shouts!
You hear a shout!
You hear an angry hiss.
The adder bites your quokka.
Your quokka is poisoned.
The adder poisons your quokka!
A rat comes into view.
Casting: Summon Small Mammal
Confirm with . or Enter, or press ? or * to list all spells.
A metallic apparition takes form in the air.
Your bat misses the adder.
Your quokka closely misses the adder.
The adder closely misses your quokka. The ball python barely misses you.
The ball python closely misses you.
A frilled lizard comes into view.
You hit the ball python. Your bite misses the ball python.
The ball python is heavily wounded.
Your quokka dies!
Your quokka's corpse disappears in a puff of smoke!
Your bat completely misses the adder.
The adder bites your bat.
Your bat dies!
Your bat's corpse disappears in a puff of smoke!
The ball python closely misses you. The ball python grabs you.
* * * LOW HITPOINT WARNING * * *
The ball python constricts you.
The frilled lizard moves out of view.
The ball python closely misses you.
* * * LOW HITPOINT WARNING * * *
The ball python constricts you.
A giant cockroach and a goblin come into view.
You hit the ball python.
You kill the ball python!
The giant cockroach moves out of view.
You closely miss the adder. The adder bites you.
* * * LOW HITPOINT WARNING * * *
Your iron imp closely misses the adder.
The adder bites you.
You die...

##############..##
.......<.§bS......
#######.########.#
####.S# ∆ #...5@#
....###g# ### ...
..r.l ###..#.
#..#g. #..# .b
...# ..


You could see an adder, a hobgoblin, a goblin, a bat, a frilled lizard, a rat
and a friendly iron imp.

Vanquished Creatures
  2 dart slugs (D:1)
  A ball python (D:2)
  A hobgoblin (D:1)
  3 rats
7 creatures vanquished.

Vanquished Creatures (collateral kills)
  2 bats (D:1)
  2 frilled lizards (D:1)
  A goblin (D:1)
  3 kobolds (D:1)
  4 rats (D:1)
12 creatures vanquished.

Grand Total: 19 creatures vanquished

Notes
Turn   | Place    | Note
-------+----------+-------------------------------------------
     0 | D:1      | tidbits the Gnoll Summoner began the quest for the Orb.
     0 | D:1      | Reached XP level 1. HP: 13/13 MP: 6/6
   160 | D:1      | Reached XP level 2. HP: 9/19 MP: 3/7
   164 | D:1      | Learned a level 2 spell: Call Imp
   343 | D:2      | Slain by an adder

Vault maps used:
D:1:      lemuel_arrival_tunnels
D:2:      chequers_ecumenical_altar_simple_redux, first_ration, tgw_fedhas,
          uniq_sigmund

Action                   || total
-------------------------++-------
Melee: Short sword       ||    24
       Unarmed           ||     2
       Bite              ||     3
 Cast: Summon Small Mamm ||    19
       Call Imp          ||     2
 Stab: Sleeping          ||     2
       Distracted        ||     1
Armor: Robe              ||     1
Dodge: Dodged            ||    25

Table legend:
 A = Spawn XP
 B = Non-spawn XP
 C = Spawn XP percentage of total XP
 D = Spawn monster count
 E = Non-spawn monster count
 F = Spawn count percentage of total count
 G = Total turns spent on level
                    A         B        C        D         E        F      G
               +---------+---------+-------+---------+---------+-------+---------
         Total |       0 |      27 |   0.0 |       0 |      19 |   0.0 |   343
               +---------+---------+-------+---------+---------+-------+---------
           D:1 |       0 |      24 |   0.0 |       0 |      17 |   0.0 |   317
           D:2 |       0 |       3 |   0.0 |       0 |       2 |   0.0 |    26
               +---------+---------+-------+---------+---------+-------+---------

Table legend:
 A = Turns spent in this place as a percentage of turns spent in the entire game.
 B = Non-inter-level travel turns spent in this place as a percentage of non-inter-level travel turns spent in the entire game.
 C = Inter-level travel turns spent in this place as a percentage of turns spent in this place.
 D = Turns resting spent in this place as a percentage of non-inter-level travel turns spent in this place.
 E = Turns spent auto-exploring this place as a percentage of non-inter-level travel turns spent in this place.
 F = Non-inter-level travel turns spent in this place divided by the number of levels of this place that you've seen.
                   A       B       C       D       E      F
               +-------+-------+-------+-------+-------+----------------------
         Total | 100.0 | 100.0 |   0.0 |   0.0 |   0.0 | 171.5
       Dungeon | 100.0 | 100.0 |   0.0 |   0.0 |   0.0 | 171.5
               +-------+-------+-------+-------+-------+----------------------

Table legend:
 A = Kills in this place as a percentage of kills in entire the game.
 B = Kills by you in this place as a percentage of kills by you in the entire game.
 C = Kills by friends in this place as a percentage of kills by friends in the entire game.
 D = Other kills in this place as a percentage of other kills in the entire game.
 E = Experience gained in this place as a percentage of experience gained in the entire game.
 F = Experience gained in this place divided by the number of levels of this place that you have seen.
                   A       B       C       D       E      F
               +-------+-------+-------+-------+-------+----------------------
         Total | 100.0 | 100.0 | 100.0 |   N/A | 100.0 |  13.5
       Dungeon | 100.0 | 100.0 | 100.0 |   N/A | 100.0 |  13.5
               +-------+-------+-------+-------+-------+----------------------

Vault maps used:
D:1:      lemuel_arrival_tunnels
D:2:      chequers_ecumenical_altar_simple_redux, first_ration, tgw_fedhas,
          uniq_sigmund
